 Dungeon Crawl Stone Soup version 0.20.1-1-g8b1a95d (console) character file.

2873956 damerell the Conqueror (level 27, 298/298 HPs)
             Began as a Naga Berserker on Mar 23, 2018.
             Was a High Priest of Trog.
             Escaped with the Orb
             ... and 5 runes on Mar 26, 2018!
             The game lasted 10:50:24 (88128 turns).

damerell the Conqueror (Naga Berserker)            Turns: 88128, Time: 10:50:24

Health: 298/298    AC: 48    Str: 40    XL:     27
Magic:  34/34      EV: 19    Int: 12    God:    Trog [*****.]
Gold:   2561       SH: 33    Dex: 14    Spells: 26/26 levels left

rFire    + + .     SeeInvis +   b - +9 eveningstar (holy)
rCold    + + .     Gourm    .   W - +0 large shield
rNeg     . . .     Faith    .   Z - +2 gold dragon scales
rPois    +         Spirit   .   (helmet restricted)
rElec    .         Reflect  +   E - +2 cloak {MR+}
rCorr    .         Harm     .   c - +2 pair of gloves {Str+3}
MR       +++++     Clarity  +   I - +4 naga barding {rF+}
Stlth    ..........             e - +4 amulet of reflection
Regen    0.6/turn               d - ring of Springtime {rC+ Str+5 Dex+7}
MPRegen  0.3/turn               G - ring "Qigrelis" {MR+ EV+5 Str+3 Int+3}

@: very slow
A: horns 1, large bone plates 1, molten scales 1, see invisible, clarity, clumsy
2, deformed body, dopey 1, poison resistance, slowness 2, slow metabolism 1,
spit poison 1, constrict 1, AC +9
0: Orb of Zot
}: 5/15 runes: decaying, serpentine, slimy, silver, abyssal
a: Spit Poison, Berserk, Trog's Hand, Brothers in Arms, Burn Spellbooks,
Renounce Religion


You escaped.
You worshipped Trog.
Trog was extremely pleased with you.
You were not hungry.

You visited 12 branches of the dungeon, and saw 58 of its levels.
You visited the Abyss 2 times.
You visited 1 bazaar.
You also visited: Ice Cave and Wizlab.

You collected 9313 gold pieces.
You spent 6752 gold pieces at shops.

Inventory:

Hand Weapons
 a - a +9 eveningstar of freezing
 b - a +9 eveningstar of holy wrath (weapon)
 w - a +8 antimagic demon whip
 U - the +3 Elemental Staff {rElec rF++ rC++ MR++ AC+5}
   (You found it on level 2 of the Depths)

   It affects your AC (+5).
   It greatly protects you from fire.
   It greatly protects you from cold.
   It insulates you from electricity.
   It affects your resistance to hostile enchantments.
Missiles
 q - 15 poisoned javelins (quivered)
 Q - 12 javelins of penetration
Armour
 c - a +2 pair of gloves of strength (worn)
 E - a +2 cloak of magic resistance (worn)
 I - a +4 naga barding of fire resistance (worn)
 W - a +0 large shield (worn)
 Z - +2 gold dragon scales (worn)
Jewellery
 d - the ring of Springtime (left hand) {rC+ Str+5 Dex+7}
   (You bought it in a shop on level 2 of the Orcish Mines)

   [ring of protection from cold]

   It affects your strength (+5).
   It affects your dexterity (+7).
   It protects you from cold.
 e - a +4 amulet of reflection (around neck)
 o - an uncursed ring of resist corrosion
 p - the ring "Juoxe" {rC+ Slay+4}
   (You found it on level 4 of the Snake Pit)

   [ring of protection from cold]

   It affects your accuracy and damage with ranged weapons and melee attacks
   (+4).
   It protects you from cold.
 G - the ring "Qigrelis" (right hand) {MR+ EV+5 Str+3 Int+3}
   (You bought it in a shop on level 2 of the Orcish Mines)

   [ring of evasion]

   It affects your evasion (+5).
   It affects your strength (+3).
   It affects your intelligence (+3).
   It affects your resistance to hostile enchantments.
Wands
 g - a wand of digging (15/24)
 t - a wand of scattershot (3/9)
 z - a wand of scattershot (5/9)
 R - a wand of enslavement (7/24)
Scrolls
 f - 22 scrolls of identify
 r - 19 scrolls of remove curse
 s - 18 scrolls of teleportation
 v - 9 scrolls of recharging
 y - 3 scrolls of fog
 D - 13 scrolls of fear
 F - 8 scrolls of blinking
 J - 3 scrolls of summoning
 L - 6 scrolls of silence
 P - 3 scrolls of magic mapping
Potions
 j - 30 potions of curing
 k - 9 potions of invisibility
 m - 15 potions of heal wounds
 n - 10 potions of flight
 x - 6 potions of agility
 H - 4 potions of haste
 K - 15 potions of mutation
 N - 4 potions of resistance
 O - 4 potions of berserk rage
 S - 7 potions of cancellation
 Y - 6 potions of might
Miscellaneous
 h - the horn of Geryon
 u - a phial of floods
 A - a fan of gales
 B - a lightning rod (4/4)
 M - a box of beasts
 T - 3 phantom mirrors
 V - a lamp of fire
 X - 3 sacks of spiders
Comestibles
 i - 25 meat rations
 l - 3 chunks of flesh


   Skills:
 O Level 27 Fighting
 O Level 27 Maces & Flails
 - Level 8.0 Throwing
 - Level 19.0 Armour
 - Level 19.2 Dodging
 * Level 18.4 Shields
 + Level 14.7 Evocations


You had 26 spell levels left.
You didn't know any spells.

Dungeon Overview and Level Annotations

Branches:
Dungeon (15/15)            Temple (0/1) D:6            Lair (6/6) D:9
  Swamp (4/4) Lair:4        Snake (4/4) Lair:3        Slime (5/5) Lair:5
    Orc (2/2) D:12            Elf (3/3) Orc:2        Vaults (5/5) D:13
  Crypt (3/3) Vaults:2       Tomb (0/3) Crypt:3      Depths (5/5) D:15
   Hell (1/1)                 Dis (0/7) Hell            Geh (0/7) Hell
    Coc (0/7) Hell            Tar (0/7) Hell            Zot (5/5) Depths:5

Altars:
Dithmenos
Gozag
Hepliaklqana
Nemelex Xobeh
Sif Muna
Trog
Vehumet
Xom
Yredelemnul
Jiyva

Shops:
D:7 }   Orc:1 ![   Orc:2 [?==   Snake:2 [(   Vaults:2 *   Vaults:4 ?
Vaults:5 (

Portals:
Hell: Depths:1 Depths:2 Depths:3 Depths:4 Depths:5
Abyss: Depths:4
Pandemonium: Depths:3 Depths:4
Ziggurat: Depths:5

Annotations:
D:5 exclusion: 3 doors
Swamp:2 shield of reflection here
Elf:2 1 runed door
Vaults:5 !V:5 idiot
Depths:1 demon whip here, could brand/enchant...
Zot:4 2 transporters, exclusion: orange crystal statue


Innate Abilities, Weirdness & Mutations

You cannot wear boots.
Your serpentine skin is tough. (AC +9)
You have supernaturally acute eyesight. (SInv)
Armour fits poorly on your strangely shaped body.
Your system is resistant to poisons. (rPois)
You cover ground very slowly.
You have a slow metabolism.
You can spit poison.
You can use your snake-like lower body to constrict enemies.
You have a pair of small horns on your head.
You are partially covered in large bone plates. (SH +4)
You are partially covered in molten scales. (AC +2)
You possess an exceptional clarity of mind.
You are very clumsy. (Dex -4)
You are dopey. (Int -2)


Message History

There is a stone staircase leading up, spattered with blood here.
You climb upwards.
There is a stone staircase leading down here.
A frilled lizard comes into view.
The frilled lizard hisses angrily.
You bludgeon the frilled lizard!!
You kill the frilled lizard!
Trog accepts your kill.
An ice devil comes into view.
There is a staircase leading out of the dungeon here.
You impale the ice devil!!
The ice devil convulses!!
Your grab misses the ice devil.
The ice devil is almost dead.
You block the ice devil's attack.
You hit the ice devil but do no damage. Your grab misses the ice devil.
The ice devil is almost dead.
You impale the ice devil!!
You kill the ice devil!
Trog accepts your kill.
You have escaped!

.........#...###.## ##.##
...#.##..##...##..# ####....
...#....4###......########....###
######...# ##.....##........###
##..# ##....#.........# # ###..#
##.....#.........# #
#####....###......##........#####
......##).........##........รท....
.........###....@.#.........#####
.........# #......#.........# #
.......#.# ########....####.#####
......##.# #^# #..............
......##.# #.# ##.......#.....
......##.# #># #....>.........
##.##.##.##########..............
##.##.##.........................
...##.##.#####...................


There were no monsters in sight!

Vanquished Creatures
  the Royal Jelly (Slime:5)
  5 orbs of fire (Zot:5)
  5 pandemonium lords
  4 ancient liches
  A juggernaut (Depths:4)
  Sojobo (Depths:3)
  A Killer Klown (Zot:5)
  3 curse toes
  Vashnia (Snake:2)
  3 caustic shrikes
  Geryon (Hell)
  11 golden dragons
  A profane servitor (Abyss:3)
  4 bone dragons
  A Tzitzimitl (Zot:5)
  11 liches
  2 electric golems
  14 tentacled monstrosities
  A hellephant (Abyss:2)
  Asterion (Snake:3)
  An Ice Fiend (Zot:5)
  5 titans
  2 quicksilver dragons
  25 Orb Guardians
  3 deep elf blademasters
  3 deep elf master archers
  25 acid blobs
  3 thorn hunters
  11 death cobs
  5 sphinxes
  Gastronok (Lair:3)
  2 Executioners
  4 ancient champions
  11 tentacled starspawn
  Agnes (Elf:2)
  Kirke (Snake:2)
  18 storm dragons
  Frances (Snake:2)
  Donald (Swamp:2)
  21 shadow dragons
  8 nagarajas (Snake:4)
  Roxanne (Elf:1)
  A daeva (Abyss:3)
  2 revenants (Crypt:3)
  The ghost of ceb the Fighter, an adept DsFi of Hepliaklqana (Snake:3)
  4 draconian monks
  12 tengu reavers
  8 azure jellies
  10 deep elf sorcerers
  17 fire giants
  12 frost giants
  An iron dragon (Depths:3)
  A ghost moth (Zot:3)
  3 ghouls
  8 draconian knights
  3 balrugs
  9 draconian shifters
  2 draconian scorchers
  25 vault wardens
  Louise (D:14)
  A cacodemon (Abyss:2)
  7 deep elf elementalists
  5 curse skulls
  Aizul (Snake:2)
  4 spriggan defenders
  2 draconian stormcallers
  23 ironheart preservers
  8 reapers
  An angel (Depths:5)
  7 vampire knights
  10 draconian annihilators
  A caustic shrike skeleton (Depths:2)
  4 war gargoyles
  13 green draconians
  25 stone giants
  2 entropy weavers
  34 very ugly things
  2 lorocyprocas
  10 deep elf annihilators
  13 deep elf demonologists
  11 purple draconians
  20 red draconians
  12 black draconians
  15 white draconians
  18 yellow draconians
  2 spark wasps
  6 blizzard demons
  3 green deaths
  12 deep elf death magi
  19 ettins
  A spectral quicksilver dragon (Crypt:3)
  Josephine (D:11)
  6 eidola
  8 death oozes
  14 yaktaur captains
  8 fire dragons
  A quicksilver dragon zombie (Hell)
  11 jiangshi
  5 deep elf high priests
  4 crystal guardians
  Fannar (D:11)
  25 hydras
  A monstrous demonspawn (Depths:4)
  43 vault guards
  7 rakshasas
  16 ice dragons
  17 great orbs of eyes
  18 naga warriors
  16 centaur warriors
  10 spriggan air magi
  5 death knights
  5 ghost crabs
  A spectral shadow dragon (Crypt:3)
  6 anacondas
  66 two-headed ogres
  11 alligators
  6 tengu warriors
  A two-headed ogre (shapeshifter) (Vaults:2)
  29 dancing weapons
  22 ogre magi
  A catoblepas (Lair:6)
  A queen ant (shapeshifter) (Depths:2)
  5 hell hogs
  18 death yaks
  23 deep troll shamans
  19 deep troll earth magi
  Urug (D:11)
  8 vampire magi
  7 spriggan berserkers
  5 iron golems
  16 thrashing horrors
  16 naga sharpshooters
  9 hell knights
  9 soul eaters
  Nergalle (Lair:4)
  4 shock serpents
  23 deep elf knights
  2 titan zombies
  An iron troll (Depths:4)
  10 wretched stars
  3 salamander mystics
  6 sun demons
  A fire crab (shapeshifter) (Depths:2)
  37 skeletal warriors
  A fire crab (D:12)
  2 deep trolls (shapeshifter)
  2 spatial maelstroms
  4 sixfirhies
  2 spark wasp zombies (Depths:2)
  14 shadow wraiths
  A storm dragon skeleton (Vaults:2)
  A storm dragon zombie (Crypt:1)
  10 glowing orange brains
  A sea snake (shapeshifter) (Vaults:5)
  A death drake (shapeshifter) (Vaults:5)
  4 unseen horrors
  2 unseen horrors (shapeshifter)
  A sea snake (Snake:2)
  3 spriggan druids (Swamp:4)
  7 naga ritualists
  4 shambling mangroves
  A death drake (Abyss:1)
  50 deep trolls
  A shadow demon (Depths:3)
  9 deep elf archers
  10 flayed ghosts
  9 swamp dragons
  A lindwurm (shapeshifter) (Depths:5)
  2 orange crystal statues (Abyss:3)
  A wolf spider zombie (D:15)
  An anaconda zombie (Hell)
  33 phantasmal warriors
  2 anaconda skeletons
  9 orc knights
  12 wizards
  2 iron dragon zombies
  18 ironbrand convokers
  A lindwurm (Lair:6)
  4 harpies (Vaults:1)
  64 deep elf magi
  16 necromancers
  3 orc sorcerers
  A shadow dragon skeleton (Hell)
  59 ugly things
  8 shining eyes
  A spectral fire dragon (Crypt:3)
  2 oklob plants (Lair:2)
  4 manticores
  5 worldbinders
  A spectral alligator (Crypt:3)
  6 cyclopes
  4 wolf spiders
  A stone giant zombie (Depths:1)
  2 salamanders (shapeshifter)
  An iron dragon skeleton (Abyss:3)
  17 mana vipers
  A frost giant zombie (Hell)
  A manticore (shapeshifter) (Depths:3)
  18 salamanders
  2 stone giant skeletons
  3 guardian serpents
  A frost giant skeleton (Depths:1)
  4 centaur zombies
  A shock serpent zombie (Crypt:3)
  15 rust devils
  Maurice (D:13)
  An apocalypse crab (Abyss:3)
  17 naga magi
  An orc zombie (Vaults:2)
  4 ice statues
  20 elephants
  A toenail golem (WizLab)
  3 eyes of devastation
  A water nymph (shapeshifter) (Depths:5)
  16 moths of wrath
  38 black mambas
  8 vault sentinels
  An elephant (shapeshifter) (D:15)
  21 large abominations
  An eye of devastation (shapeshifter) (Vaults:5)
  4 gargoyles (WizLab)
  4 smoke demons (Abyss:3)
  20 spiny frogs
  A rime drake (shapeshifter) (Vaults:2)
  An elephant slug zombie (Crypt:3)
  2 hellions
  2 rime drakes
  44 yaktaurs
  A storm dragon simulacrum (Crypt:2)
  An elf (Vaults:3)
  8 komodo dragons
  5 kobold demonologists
  A yaktaur zombie (Vaults:5)
  A catoblepas skeleton (Crypt:2)
  3 efreet
  12 ancient zymes
  3 demonic crawlers
  A golden dragon simulacrum (Hell)
  19 ice devils
  13 freezing wraiths
  A troll (shapeshifter) (Depths:2)
  5 hellwings
  A queen bee (shapeshifter) (Elf:2)
  A ghost moth simulacrum (Crypt:2)
  A harpy zombie (D:14)
  6 tengu conjurers
  A merfolk (shapeshifter) (D:12)
  2 meliai (shapeshifter)
  4 red devils
  6 tyrant leeches
  2 hydra zombies (Hell)
  A polar bear (shapeshifter) (D:14)
  A jumping spider (Vaults:4)
  A tengu simulacrum (Vaults:2)
  Grinder (D:3)
  5 trolls
  21 hornets
  5 polar bears
  10 blink frogs
  A raiju (shapeshifter) (Depths:3)
  3 alligator zombies
  An ettin zombie (Abyss:3)
  12 bog bodies
  11 hippogriffs
  31 raiju (Abyss:3)
  A blink frog (shapeshifter) (Vaults:3)
  2 harpy skeletons
  A stone giant simulacrum (Abyss:3)
  3 ice dragon zombies
  A fire giant simulacrum (Abyss:2)
  120 slime creatures
  A fire dragon zombie (Crypt:2)
  An ice dragon skeleton (Abyss:3)
  2 redbacks (Vaults:4)
  18 flying skulls
  13 shadows
  2 tarantellas (shapeshifter)
  A tarantella (Vaults:4)
  2 alligator skeletons (Hell)
  A fire dragon skeleton (Crypt:3)
  35 starcursed masses
  An ettin skeleton (Depths:1)
  2 spriggans (shapeshifter)
  19 small abominations
  6 ynoxinuls
  6 water elementals
  10 air elementals
  2 fire bats (Abyss:3)
  2 hogs (Snake:2)
  6 spriggans
  15 golden eyes
  18 wraiths
  A vampire (D:15)
  43 yaks
  2 black mamba skeletons
  8 fire elementals
  3 wyverns
  A catoblepas simulacrum (Hell)
  4 chaos spawn
  11 neqoxecs (Abyss:3)
  A spatial vortex (Abyss:2)
  An emperor scorpion simulacrum (Hell)
  5 basilisks
  5 vampire mosquitoes
  4 wargs
  7 hungry ghosts
  12 insubstantial wisps
  2 wargs (shapeshifter)
  2 deep troll zombies
  16 swamp worms
  A spiny frog zombie (Hell)
  62 nagas
  17 water moccasins
  A soldier ant (shapeshifter) (Depths:3)
  3 acid dragons
  A floating eye (Depths:4)
  8 hell hounds
  42 orc warriors
  14 swamp drakes
  A swamp dragon zombie (Crypt:2)
  A faun skeleton (Crypt:3)
  7 eyes of draining
  A spiny frog skeleton (Hell)
  6 porcupines
  5 phantoms
  5 sky beasts
  47 ogres
  3 black bears
  6 ice beasts
  3 necrophages
  2 eyes of draining (shapeshifter)
  20 wolves
  An alligator simulacrum (Hell)
  A hog zombie (Crypt:2)
  12 boggarts
  45 centaurs
  An elephant skeleton (Crypt:1)
  8 crocodiles
  21 bullfrogs
  Blork the orc (D:6)
  8 big kobolds
  A rime drake skeleton (Crypt:1)
  8 earth elementals
  2 human skeletons (Vaults:2)
  2 water moccasin zombies (D:4)
  A wyvern skeleton (D:8)
  A wyvern zombie (D:13)
  6 scorpions
  A troll zombie (Crypt:2)
  A yak zombie (Crypt:1)
  A killer bee (D:12)
  8 wights
  5 howler monkeys
  8 electric eels
  16 crimson imps
  3 bullfrog zombies
  6 hounds
  11 quasits
  5 centaur skeletons
  A gnoll shaman (D:5)
  6 jellies
  5 iron imps
  18 orc priests
  Jessica (D:2)
  7 hell rats
  5 iguanas
  28 orc wizards
  13 worker ants
  2 crocodile zombies (Crypt:2)
  A human simulacrum (Abyss:3)
  A crocodile skeleton (Crypt:2)
  2 hound zombies (D:7)
  A hound skeleton (D:4)
  5 worker ant zombies
  A howler monkey zombie (D:11)
  7 gnolls
  2 howler monkey skeletons
  23 adders
  5 shadow imps
  16 white imps
  6 ufetubi
  2 oozes
  An adder zombie (D:4)
  An iguana zombie (Crypt:1)
  An adder skeleton (D:8)
  A worm (D:3)
  A barachi skeleton (Crypt:2)
  A dart slug (D:3)
  9 leopard geckos
  95 orcs
  12 bats
  A bat skeleton (Crypt:2)
  4 giant cockroaches
  9 goblins
  10 hobgoblins
  4 jackals
  7 quokkas
  4 ball pythons
  2 ball python zombies
  6 frilled lizards
  A frilled lizard skeleton (Crypt:3)
  A frilled lizard zombie (Crypt:1)
  A giant cockroach zombie (D:4)
  A jackal zombie (Crypt:2)
  20 kobolds
  A leopard gecko skeleton (D:4)
  3 leopard gecko zombies
  A quokka skeleton (D:9)
  3 rats
  A bush (Lair:3)
  A plant (Lair:3)
  4 starspawn tentacles
3332 creatures vanquished.

Vanquished Creatures (collateral kills)
  An acid blob (Slime:5)
  A death ooze (Slime:5)
  A catoblepas (Lair:6)
  A thrashing horror (Abyss:3)
  8 death yaks
  A glowing orange brain (Abyss:3)
  An orc knight (Orc:2)
  2 black mambas (Snake:1)
  3 yaks (Lair:6)
  2 wraiths (D:11)
  A porcupine (Lair:5)
  5 orc warriors (Orc:2)
  3 orcs (Orc:2)
30 creatures vanquished.

Vanquished Creatures (others)
  A vault warden (Vaults:5)
  2 yaktaur captains
  5 centaur warriors
  A naga sharpshooter (Snake:4)
  2 deep elf archers
  A deep elf mage (Elf:2)
  2 cyclopes (Vaults:2)
  A salamander (Snake:3)
  A moth of wrath (Zot:5)
  A naga mage (Snake:4)
  A centaur skeleton (D:15)
  17 yaktaurs
  A raiju (Abyss:3)
  2 humans (Snake:2)
  A neqoxec (Abyss:3)
  A naga (Snake:4)
  2 small abominations
  An ice beast (D:5)
  2 orc warriors (Orc:2)
  10 centaurs
  A glowing shapeshifter simulacrum (Vaults:5)
  A white imp (IceCv)
  6 ufetubi
  An orc (D:13)
  13 fungi
  2 lurking horrors (Abyss:3)
  17 plants
  20 starspawn tentacles
116 creatures vanquished.

Grand Total: 3478 creatures vanquished

Notes
Turn   | Place    | Note
-------+----------+-------------------------------------------
     0 | D:1      | damerell the Naga Berserker began the quest for the Orb.
     0 | D:1      | Reached XP level 1. HP: 21/21 MP: 1/1
   109 | D:1      | Reached XP level 2. HP: 19/28 MP: 2/2
   824 | D:1      | Reached XP level 3. HP: 34/34 MP: 3/3
  1476 | D:2      | Reached ** piety under Trog
  1565 | D:2      | Noticed Jessica
  1568 | D:2      | Killed Jessica
  1568 | D:2      | Reached skill level 1 in Shields
  1568 | D:2      | Reached XP level 4. HP: 42/42 MP: 4/4
  2217 | D:2      | Reached XP level 5. HP: 49/49 MP: 5/5
  2296 | D:2      | Found a shadowy altar of Dithmenos.
  2304 | D:2      | Found a stormy altar of Qazlal.
  2304 | D:2      | Found a glowing golden altar of the Shining One.
  2339 | D:2      | Found a shimmering altar of Xom.
  2339 | D:2      | Found a shimmering altar of Xom.
  2339 | D:2      | Found a shattered altar of Ashenzari.
  2634 | D:3      | Noticed Grinder
  2643 | D:3      | Killed Grinder
  2643 | D:3      | Reached skill level 5 in Maces & Flails
  2643 | D:3      | Reached XP level 6. HP: 53/57 MP: 6/6
  3226 | D:3      | Reached XP level 7. HP: 66/66 MP: 7/7
  4484 | D:4      | Reached skill level 5 in Fighting
  4488 | D:4      | Reached *** piety under Trog
  4764 | D:4      | Reached XP level 8. HP: 72/74 MP: 8/8
  5796 | D:5      | Entered Level 5 of the Dungeon
  6113 | D:5      | Found a bloodstained altar of Trog.
  6608 | D:5      | Reached XP level 9. HP: 82/82 MP: 9/9
  6707 | D:5      | Found a sparkling altar of Nemelex Xobeh.
  7010 | D:6      | Found a staircase to the Ecumenical Temple.
  7191 | D:6      | Reached **** piety under Trog
  7333 | D:6      | Noticed Blork the orc
  7348 | D:6      | Killed Blork the orc
  7493 | D:6      | Found a radiant altar of Vehumet.
  7501 | D:6      | Found an opulent altar of Gozag.
  7957 | D:7      | Found Ytorirchot's Gadget Emporium.
  8553 | D:7      | Reached skill level 10 in Maces & Flails
  8678 | D:7      | Reached ***** piety under Trog
  8847 | D:7      | Reached XP level 10. HP: 94/94 MP: 10/10
  9218 | D:8      | Noticed a two-headed ogre
  9560 | D:8      | Noticed a two-headed ogre
  9572 | D:8      | Killed a two-headed ogre
 10384 | D:8      | Killed a two-headed ogre
 10950 | D:9      | Found a staircase to the Lair.
 11147 | D:9      | Reached XP level 11. HP: 104/104 MP: 11/11
 11395 | D:9      | Received a gift from Trog
 11714 | Lair:1   | Entered Level 1 of the Lair of Beasts
 11786 | Lair:1   | Reached skill level 1 in Throwing
 12785 | Lair:2   | Noticed an oklob plant
 12785 | Lair:2   | Noticed an oklob plant
 13300 | Lair:2   | Reached skill level 5 in Shields
 13488 | Lair:2   | Reached skill level 10 in Fighting
 13495 | Lair:2   | Received a gift from Trog
 14230 | Lair:3   | Reached XP level 12. HP: 114/117 MP: 12/12
 14286 | Lair:3   | Found a staircase to the Snake Pit.
 14413 | Lair:3   | Noticed Gastronok
 14432 | Lair:3   | Killed Gastronok
 14432 | Lair:3   | Reached skill level 5 in Dodging
 15204 | Lair:3   | Received a gift from Trog
 15637 | Lair:4   | Noticed a seven-headed hydra
 15645 | Lair:4   | Killed a seven-headed hydra
 15645 | Lair:4   | Reached skill level 5 in Armour
 16447 | Lair:4   | Noticed Nergalle
 16460 | Lair:4   | Killed Nergalle
 16698 | Lair:4   | Gained mutation: You can use your snake-like lower body to constrict enemies. [Naga growth]
 16698 | Lair:4   | Reached XP level 13. HP: 110/128 MP: 13/13
 17234 | D:7      | Bought a wand of flame (41/48) for 215 gold pieces
 17611 | Lair:4   | Found a staircase to the Swamp.
 17658 | Lair:5   | Found a staircase to the Slime Pits.
 17658 | Lair:5   | Found a viscous altar of Jiyva.
 18745 | Lair:6   | Entered Level 6 of the Lair of Beasts
 18930 | Lair:6   | Received a gift from Trog
 19524 | Lair:6   | Reached skill level 15 in Maces & Flails
 19556 | Lair:6   | Got a shimmering leather armour
 19569 | Lair:6   | Identified the cursed +0 leather armour of Vaytseqyh {Dex+4} (You found it on level 6 of the Lair of Beasts)
 19821 | Lair:6   | Reached XP level 14. HP: 139/139 MP: 14/14
 20469 | Lair:6   | Received a gift from Trog
 21009 | D:10     | Entered Level 10 of the Dungeon
 21309 | D:10     | Received a gift from Trog
 22047 | D:11     | Noticed Fannar
 22208 | D:11     | Killed Fannar
 22340 | D:11     | Received a gift from Trog
 22453 | D:11     | Noticed Josephine
 22458 | D:11     | Killed Josephine
 22489 | D:11     | Received a gift from Trog
 22497 | D:11     | Got an ancient mace {god gift}
 22498 | D:11     | Identified the +9 mace of Karessa {freeze, Fragile rPois Int+2 Dex+4} (Trog gifted it to you on level 11 of the Dungeon)
 22535 | D:11     | Noticed Urug
 22545 | D:11     | Killed Urug
 22848 | D:11     | Paralysed by a hornet for 3 turns
 23314 | D:12     | Got a sparkling platinum ring
 23316 | D:12     | Identified the ring "Weweunec" {rPois Int+3 Dex+2 Slay+2} (You found it on level 12 of the Dungeon)
 23607 | D:12     | Found a staircase to the Orcish Mines.
 24076 | D:12     | Reached XP level 15. HP: 131/151 MP: 15/15
 24082 | D:12     | Received a gift from Trog
 24894 | D:12     | Received a gift from Trog
 25257 | Orc:1    | Entered Level 1 of the Orcish Mines
 25308 | Orc:1    | Found Zoph's Distillery.
 25315 | Orc:1    | Bought a potion of flight for 45 gold pieces
 25353 | Orc:1    | Found Seluis's Armour Shoppe.
 25500 | Orc:2    | Entered Level 2 of the Orcish Mines
 25527 | Orc:2    | Found a staircase to the Elven Halls.
 25723 | Orc:2    | Found a flickering gateway to a bazaar.
 25769 | Bazaar   | Entered a bazaar
 25769 | Bazaar   | Found Koakoyhe's Distillery.
 25769 | Bazaar   | Found Onwuurcho's Gadget Shoppe.
 25769 | Bazaar   | Found Qisiris's Jewellery Shop.
 25769 | Bazaar   | Found Jity's Assorted Antiques.
 25933 | Bazaar   | Found Gubyref's Weapon Shop.
 25933 | Bazaar   | Found Carayda's Jewellery Emporium.
 25949 | Bazaar   | Bought a scroll of identify for 38 gold pieces
 25949 | Bazaar   | Bought a scroll of identify for 38 gold pieces
 25949 | Bazaar   | Bought a scroll of enchant weapon for 142 gold pieces
 25957 | Bazaar   | Bought a potion of curing for 42 gold pieces
 25957 | Bazaar   | Bought a potion of invisibility for 112 gold pieces
 25957 | Bazaar   | Bought a potion of heal wounds for 70 gold pieces
 25957 | Bazaar   | Bought a potion of flight for 42 gold pieces
 27033 | Orc:2    | Found Doiwn's Jewellery Emporium.
 27033 | Orc:2    | Found Bahoikla's Magic Scroll Boutique.
 27035 | Orc:2    | Found Leityciw's Antique Armour Shop.
 27037 | Orc:2    | Found Pyutam's Jewellery Shoppe.
 27042 | Orc:2    | Bought a scroll of immolation for 38 gold pieces
 27042 | Orc:2    | Bought a scroll of identify for 22 gold pieces
 27042 | Orc:2    | Bought a scroll of identify for 22 gold pieces
 27042 | Orc:2    | Bought 2 scrolls of identify for 44 gold pieces
 27042 | Orc:2    | Bought a scroll of noise for 11 gold pieces
 27045 | Orc:2    | Identified a scroll of acquirement
 27113 | Orc:2    | Bought the ring of Springtime {rC+ Str+5 Dex+7} for 972 gold pieces
 27159 | Orc:1    | Bought a +0 naga barding for 299 gold pieces
 27530 | D:13     | Noticed Maurice
 27537 | D:13     | Killed Maurice
 27686 | D:13     | Received a gift from Trog
 27829 | D:13     | Reached skill level 15 in Fighting
 27978 | D:13     | Found a gate to the Vaults.
 28953 | D:14     | Found a shadowy altar of Dithmenos.
 29206 | D:14     | Reached XP level 16. HP: 126/163 MP: 16/16
 29632 | D:14     | Noticed Louise
 29655 | D:14     | Killed Louise
 29945 | Orc:2    | Bought a scroll of brand weapon for 220 gold pieces
 30528 | D:14     | Received a gift from Trog
 30947 | D:15     | Entered Level 15 of the Dungeon
 31302 | D:15     | Received a gift from Trog
 31844 | D:15     | Found a staircase to the Depths.
 32398 | Snake:1  | Entered Level 1 of the Snake Pit
 32631 | Snake:1  | Received a gift from Trog
 33113 | Snake:1  | Reached XP level 17. HP: 168/175 MP: 17/17
 33733 | Snake:2  | Noticed Aizul
 33740 | Snake:2  | Killed Aizul
 33740 | Snake:2  | Received a gift from Trog
 33776 | Snake:2  | Found Pyroytot's Antique Weapon Shop.
 33780 | Snake:2  | Found Koff's Antique Armour Boutique.
 33790 | Snake:2  | Noticed Kirke
 33818 | Snake:2  | Killed Kirke
 34051 | Snake:2  | Noticed Vashnia
 34059 | Snake:2  | Killed Vashnia
 34714 | Snake:2  | Noticed Frances
 34723 | Snake:2  | Killed Frances
 35539 | Snake:3  | Noticed ceb's ghost (adept DsFi)
 35558 | Snake:3  | Killed ceb's ghost
 35856 | Snake:3  | Noticed Asterion
 35873 | Snake:3  | Killed Asterion
 36910 | Snake:4  | Entered Level 4 of the Snake Pit
 36936 | Snake:4  | Received a gift from Trog
 36940 | Snake:4  | Got a polished flail {god gift}
 36941 | Snake:4  | Identified the +9 flail of Guarr {venom, rElec rF+ Str+4} (Trog gifted it to you on level 4 of the Snake Pit)
 37331 | Snake:4  | Reached XP level 18. HP: 180/187 MP: 18/18
 37854 | Snake:4  | Got a glittering pewter ring
 37856 | Snake:4  | Identified the ring "Juoxe" {rC+ Slay+4} (You found it on level 4 of the Snake Pit)
 37900 | Snake:4  | Reached skill level 10 in Dodging
 39475 | Snake:4  | Got a serpentine rune of Zot
 39667 | Swamp:1  | Entered Level 1 of the Swamp
 39769 | Swamp:1  | Reached ****** piety under Trog
 39769 | Swamp:1  | Received a gift from Trog
 40086 | Swamp:1  | Received a gift from Trog
 40120 | Swamp:1  | Got an ancient ring mail
 40131 | Swamp:1  | Identified the +3 ring mail of Bomau {+Blink rC+} (You found it on level 1 of the Swamp)
 40827 | Swamp:2  | Reached skill level 1 in Evocations
 41030 | Swamp:2  | Noticed Donald
 41040 | Swamp:2  | Killed Donald
 41333 | Orc:2    | Bought a scroll of acquirement for 572 gold pieces
 41913 | Swamp:2  | Reached XP level 19. HP: 198/198 MP: 20/20
 42723 | Swamp:3  | Received a gift from Trog
 42757 | Swamp:3  | Reached skill level 10 in Armour
 43238 | Swamp:3  | Received a gift from Trog
 43314 | Swamp:4  | Entered Level 4 of the Swamp
 44280 | Swamp:4  | Got a decaying rune of Zot
 44318 | Swamp:4  | Got a ruby-encrusted ring mail
 44329 | Swamp:4  | Identified the +0 ring mail "Cagauske" {rPois Slay+3} (You found it on level 4 of the Swamp)
 44787 | Vaults:1 | Entered Level 1 of the Vaults
 44787 | Vaults:1 | Found a hazy altar of Hepliaklqana.
 45177 | Vaults:1 | Received a gift from Trog
 45180 | Vaults:1 | Reached skill level 10 in Shields
 46194 | Vaults:1 | Reached XP level 20. HP: 198/211 MP: 23/23
 46441 | Vaults:2 | Received a gift from Trog
 46779 | Vaults:2 | Found Guhy's General Store.
 46832 | Vaults:2 | Received a gift from Trog
 46905 | Vaults:2 | Found a staircase to the Crypt.
 47894 | Vaults:2 | Reached XP level 21. HP: 222/222 MP: 24/24
 48146 | Vaults:3 | Received a gift from Trog
 48785 | Vaults:2 | Got a glittering sapphire amulet
 48786 | Vaults:2 | Identified the amulet of a Million Dances {Spirit rPois rF++ Str-5 SInv} (You acquired it on level 2 of the Vaults)
 49371 | Vaults:3 | Received a gift from Trog
 49951 | Vaults:3 | Identified the +2 ring mail of Sihaolap {rElec rN+ Int-4} (You found it on level 3 of the Vaults)
 50561 | Vaults:4 | Received a gift from Trog
 50732 | Vaults:4 | Found Luemiot's Magic Scroll Boutique.
 50739 | Vaults:4 | Bought a scroll of enchant weapon for 105 gold pieces
 50788 | Vaults:4 | Reached XP level 22. HP: 219/234 MP: 25/25
 50901 | Vaults:4 | Got a sapphire-encrusted plate armour
 50918 | Vaults:4 | Identified the +5 plate armour "Oployle" {rC- Regen+ Dex+5} (You found it on level 4 of the Vaults)
 51890 | Elf:1    | Entered Level 1 of the Elven Halls
 51976 | Elf:1    | Received a gift from Trog
 51983 | Elf:1    | Noticed Roxanne
 52008 | Elf:1    | Found a frozen archway.
 52051 | IceCv    | Entered an ice cave
 52286 | IceCv    | Received a gift from Trog
 52651 | Elf:1    | Received a gift from Trog
 53162 | Elf:1    | Found a deep blue altar of Sif Muna.
 53408 | Elf:1    | Killed Roxanne
 53409 | Elf:1    | Identified Roxanne's Grimoire of the Rocks (You took it off Roxanne on level 1 of the Elven Halls)
 53621 | Elf:2    | Found a magical portal.
 53626 | WizLab   | Entered Doroklohe's Tomb
 54429 | Elf:2    | Found a runed door.
 54456 | Elf:2    | Found a runed door.
 54481 | Elf:2    | Noticed Agnes
 54487 | Elf:2    | Killed Agnes
 54542 | Elf:2    | Received a gift from Trog
 54707 | Elf:2    | Reached XP level 23. HP: 245/246 MP: 26/26
 55066 | Elf:3    | Entered Level 3 of the Elven Halls
 55132 | Elf:3    | Received a gift from Trog
 55440 | Elf:3    | Received a gift from Trog
 56660 | Elf:3    | Identified the +3 hunting sling of Abuse {velocity, *Drain rPois MP+9 Int-4 Stlth+} (You found it on level 3 of the Elven Halls)
 56693 | Elf:3    | Got a heavily runed tin amulet
 56694 | Elf:3    | Identified the amulet of Gyompuh {Inacc rElec rN+ MR- Str+2} (You found it on level 3 of the Elven Halls)
 56735 | Elf:3    | Identified the Almanac of the Fiery Frostbite
 56744 | Elf:3    | Identified the Collected Works on Envenoming and Companions
 56768 | Elf:3    | Identified the Papyrus of Damaging Displacement
 56884 | Elf:3    | Received a gift from Trog
 57191 | Crypt:1  | Entered Level 1 of the Crypt
 57445 | Crypt:1  | Received a gift from Trog
 58244 | Crypt:2  | Reached XP level 24. HP: 215/258 MP: 26/26
 58824 | Crypt:3  | Entered Level 3 of the Crypt
 59215 | Crypt:3  | Found a staircase to the Tomb.
 59327 | Crypt:3  | Received a gift from Trog
 59519 | Crypt:3  | Found a basalt altar of Yredelemnul.
 59546 | Crypt:3  | Reached skill level 15 in Armour
 59800 | Crypt:3  | Received a gift from Trog
 60157 | Crypt:3  | Received a gift from Trog
 60775 | Depths:1 | Entered Level 1 of the Depths
 60861 | Depths:1 | Received a gift from Trog
 61383 | Depths:1 | Found a gateway to Hell.
 61957 | Depths:1 | Reached XP level 25. HP: 268/268 MP: 26/26
 62122 | Depths:2 | Received a gift from Trog
 63244 | Depths:2 | Received a gift from Trog
 63410 | Depths:2 | Received a gift from Trog
 63651 | Depths:3 | Noticed Sojobo
 63670 | Depths:3 | Killed Sojobo
 63970 | Depths:3 | Reached XP level 26. HP: 282/282 MP: 26/26
 64425 | Depths:3 | Identified Cerula's Collected Works on Feathers and Malediction
 64432 | Depths:3 | Noticed an ancient lich
 64438 | Depths:3 | Killed an ancient lich
 64723 | Depths:3 | Received a gift from Trog
 65243 | Depths:3 | Received a gift from Trog
 65257 | Depths:3 | Found a one-way gate leading to the halls of Pandemonium.
 65584 | Depths:4 | Received a gift from Trog
 65748 | Depths:4 | Reached skill level 5 in Throwing
 66082 | Depths:4 | Noticed a juggernaut
 66088 | Depths:4 | Paralysed by a floating eye for 2 turns
 66095 | Depths:4 | Killed a juggernaut
 66095 | Depths:4 | Received a gift from Trog
 66095 | Depths:4 | Reached skill level 5 in Evocations
 66095 | Depths:4 | Reached XP level 27. HP: 171/294 MP: 26/26
 66303 | Depths:4 | Identified the Incunabulum of Floating Transmutation
 66376 | Depths:4 | Found a one-way gate to the infinite horrors of the Abyss.
 66964 | Depths:5 | Entered Level 5 of the Depths
 67004 | Depths:5 | Found a gateway to a ziggurat.
 67117 | Depths:5 | Received a gift from Trog
 67494 | Depths:5 | Received a gift from Trog
 67539 | Depths:5 | Found a gate to the Realm of Zot.
 68239 | Vaults:5 | Entered Level 5 of the Vaults
 68330 | Vaults:5 | Reached skill level 15 in Shields
 68516 | Vaults:5 | Got a silver rune of Zot
 68542 | Vaults:5 | Noticed an ancient lich
 68549 | Vaults:5 | Killed an ancient lich
 68549 | Vaults:5 | Received a gift from Trog
 68882 | Vaults:5 | Reached skill level 27 in Fighting
 69139 | Vaults:5 | Received a gift from Trog
 69157 | Vaults:5 | Reached skill level 15 in Dodging
 69402 | Vaults:5 | Received a gift from Trog
 69586 | Vaults:5 | Identified the +5 scale mail "Opiso" {*Slow MR+ Int+5 Slay+2} (You found it on level 5 of the Vaults)
 69919 | Vaults:5 | Got a coiled platinum ring
 69920 | Vaults:5 | Identified the ring of Greed {MP+9 EV+4} (You took it off a fire giant on level 5 of the Vaults)
 70033 | Vaults:5 | Found Diremoam's Antique Weapon Shop.
 70148 | Vaults:5 | Received a gift from Trog
 70928 | Depths:4 | Voluntarily entered the Abyss.
 71336 | Depths:4 | Escaped the Abyss
 71343 | Depths:4 | Voluntarily entered the Abyss.
 71409 | Abyss:2  | Found a snail-covered altar of Cheibriados.
 71637 | Abyss:3  | Found a bloodstained altar of Trog.
 71751 | Abyss:3  | Found a corrupted altar of Lugonu.
 72014 | Abyss:3  | Received a gift from Trog
 72084 | Abyss:3  | Gained mutation: Your spells are a little easier to cast, but a little less powerful. [mutagenic glow]
 72332 | Abyss:3  | Received a gift from Trog
 72650 | Abyss:3  | Reached skill level 10 in Evocations
 72666 | Abyss:3  | Gained mutation: You occasionally shout uncontrollably at your foes. [a neqoxec]
 72829 | Abyss:3  | Got an abyssal rune of Zot
 72881 | Abyss:3  | Received a gift from Trog
 73342 | Depths:4 | Escaped the Abyss
 73401 | Depths:4 | Lost mutation: You occasionally shout uncontrollably at your foes. [potion of mutation]
 73401 | Depths:4 | Lost mutation: Your spells are a little easier to cast, but a little less powerful. [potion of mutation]
 73401 | Depths:4 | Gained mutation: Your mind is acute. (Int +2) [potion of mutation]
 73401 | Depths:4 | Gained mutation: You tend to lose your temper in combat. [potion of mutation]
 73401 | Depths:4 | Gained mutation: You can translocate small distances at will. [potion of mutation]
 73401 | Depths:4 | Gained mutation: Your spells are a little harder to cast, but a little more powerful. [potion of mutation]
 73402 | Depths:4 | Lost mutation: Your spells are a little harder to cast, but a little more powerful. [potion of mutation]
 73402 | Depths:4 | Lost mutation: You tend to lose your temper in combat. [potion of mutation]
 73402 | Depths:4 | Lost mutation: Your mind is acute. (Int +2) [potion of mutation]
 73402 | Depths:4 | Gained mutation: Your spells are a little easier to cast, but a little less powerful. [potion of mutation]
 73402 | Depths:4 | Gained mutation: You occasionally shout uncontrollably at your foes. [potion of mutation]
 73402 | Depths:4 | Lost mutation: Your spells are a little easier to cast, but a little less powerful. [potion of mutation]
 73402 | Depths:4 | Gained mutation: You are partially covered in molten scales. (AC +2) [potion of mutation]
 73555 | Zot:1    | Entered Level 1 of the Realm of Zot
 73617 | Zot:1    | Received a gift from Trog
 74249 | Snake:2  | Bought a shiny plate armour for 858 gold pieces
 74625 | Hell     | Entered the Vestibule of Hell
 74625 | Hell     | Noticed Geryon
 74644 | Hell     | Killed Geryon
 75045 | Hell     | Received a gift from Trog
 75139 | Hell     | Found a gateway to the Iron City of Dis.
 75244 | Hell     | Found a gateway to the freezing wastes of Cocytus.
 75527 | Hell     | Found a gateway to the decaying netherworld of Tartarus.
 75601 | Hell     | Found a gateway to the ashen valley of Gehenna.
 75957 | Zot:1    | Received a gift from Trog
 77332 | Zot:2    | Received a gift from Trog
 77838 | Zot:3    | Received a gift from Trog
 78469 | Orc:2    | Bought the ring "Qigrelis" {MR+ EV+5 Str+3 Int+3} for 1363 gold pieces
 78475 | Orc:2    | Bought a scroll of teleportation for 33 gold pieces
 78521 | Orc:1    | Bought a potion of resistance for 150 gold pieces
 78521 | Orc:1    | Bought a potion of agility for 60 gold pieces
 78521 | Orc:1    | Bought a potion of cancellation for 120 gold pieces
 78521 | Orc:1    | Bought a potion of flight for 45 gold pieces
 78702 | Vaults:2 | Bought a potion of cancellation for 112 gold pieces
 78702 | Vaults:2 | Bought a potion of mutation for 112 gold pieces
 78826 | Vaults:4 | Bought a scroll of fog for 28 gold pieces
 78826 | Vaults:4 | Bought a scroll of teleportation for 42 gold pieces
 79160 | Slime:1  | Entered Level 1 of the Pits of Slime
 79354 | Slime:2  | Gained mutation: You are dopey. (Int -2) [a shining eye]
 79360 | Slime:2  | Gained mutation: You are somewhat resistant to further mutation. [a shining eye]
 79698 | Slime:3  | Received a gift from Trog
 79759 | Slime:5  | Entered Level 5 of the Pits of Slime
 79780 | Slime:5  | Noticed the Royal Jelly
 79785 | Slime:5  | Killed the Royal Jelly
 80225 | Slime:3  | Gained mutation: Your body sometimes deteriorates upon taking damage. [a shining eye]
 80231 | Slime:3  | Gained mutation: You are frail. (-10% HP) [a shining eye]
 80241 | Slime:3  | Lost mutation: You are dopey. (Int -2) [potion of mutation]
 80241 | Slime:3  | Lost mutation: You occasionally shout uncontrollably at your foes. [potion of mutation]
 80241 | Slime:3  | Lost mutation: You are somewhat resistant to further mutation. [potion of mutation]
 80241 | Slime:3  | Lost mutation: You are frail. (-10% HP) [potion of mutation]
 80241 | Slime:3  | Lost mutation: Your body sometimes deteriorates upon taking damage. [potion of mutation]
 80241 | Slime:3  | Lost mutation: You can translocate small distances at will. [potion of mutation]
 80241 | Slime:3  | Gained mutation: You have a pair of small horns on your head. [potion of mutation]
 80241 | Slime:3  | Gained mutation: You evolve. [potion of mutation]
 80445 | Slime:5  | Gained mutation: You possess an exceptional clarity of mind. [a shining eye]
 80460 | Slime:5  | Gained mutation: Your body sometimes deteriorates upon taking damage. [a shining eye]
 80461 | Slime:5  | Gained mutation: You are clumsy. (Dex -2) [a shining eye]
 80758 | Slime:5  | Gained mutation: You expend magic power (3 MP) to strengthen your wands. [a shining eye]
 80787 | Slime:5  | Received a gift from Trog
 81142 | Slime:5  | Got distressingly furry steam dragon scales
 81211 | Slime:5  | Identified the +3 steam dragon scales of the Red Skies {Int+2} (You found it on level 5 of the Pits of Slime)
 81692 | Slime:5  | Got a slimy rune of Zot
 81779 | Lair:5   | Lost mutation: Your body sometimes deteriorates upon taking damage. [potion of mutation]
 81779 | Lair:5   | Lost mutation: You are clumsy. (Dex -2) [potion of mutation]
 81779 | Lair:5   | Lost mutation: You expend magic power (3 MP) to strengthen your wands. [potion of mutation]
 81779 | Lair:5   | Gained mutation: You are partially covered in large bone plates. (SH +4) [potion of mutation]
 81853 | D:9      | Gained mutation: You are dopey. (Int -2) [evolution]
 81853 | D:9      | Lost mutation: You evolve. [end of evolution]
 84143 | D:10     | Received a gift from Trog
 84249 | D:7      | Bought a wand of digging (15/24) for 380 gold pieces
 84249 | D:7      | Bought a sack of spiders for 200 gold pieces
 84249 | D:7      | Bought a sack of spiders for 200 gold pieces
 85471 | Zot:4    | Found a transporter.
 85483 | Zot:4    | Found a transporter.
 85815 | Zot:4    | Reached skill level 27 in Maces & Flails
 86077 | Zot:5    | Entered Level 5 of the Realm of Zot
 86143 | Zot:5    | Noticed an ancient lich
 86151 | Zot:5    | Killed an ancient lich
 86235 | Zot:5    | Received a gift from Trog
 86241 | Zot:5    | Noticed an orb of fire
 86256 | Zot:5    | Killed an orb of fire
 86359 | Zot:5    | Noticed an orb of fire
 86362 | Zot:5    | Gained mutation: You are clumsy. (Dex -2) [an orb of fire]
 86387 | Zot:5    | Killed an orb of fire
 86508 | Zot:5    | Noticed an ancient lich
 86525 | Zot:5    | Killed an ancient lich
 86655 | Zot:5    | Noticed an orb of fire
 86665 | Zot:5    | Killed an orb of fire
 86822 | Zot:5    | Noticed an orb of fire
 86844 | Zot:5    | Killed an orb of fire
 87049 | Zot:5    | Noticed an orb of fire
 87068 | Zot:5    | Gained mutation: You are very clumsy. (Dex -4) [an orb of fire]
 87081 | Zot:5    | Killed an orb of fire
 87316 | Zot:5    | Got the Orb of Zot
 87366 | Zot:5    | Noticed Muoj Keegru the pandemonium lord
 87386 | Zot:5    | Killed Muoj Keegru the pandemonium lord
 87444 | Zot:3    | Noticed Luixayme the pandemonium lord
 87511 | Zot:3    | Noticed Qymam the pandemonium lord
 87518 | Zot:2    | Killed Qymam the pandemonium lord
 87668 | D:15     | Noticed Renoyneu the pandemonium lord
 87673 | D:15     | Killed Renoyneu the pandemonium lord
 87709 | D:15     | Noticed Wearulas the pandemonium lord
 87727 | D:14     | Killed Wearulas the pandemonium lord
 87727 | D:14     | Received a gift from Trog
 87734 | D:14     | Noticed Atisk the pandemonium lord
 87755 | D:14     | Killed Atisk the pandemonium lord
 88128 | D:$      | Escaped with the Orb!

Skill      XL: |  1  2  3  4  5  6  7  8  9 10 11 12 13 14 15 16 17 18 19 20 21 22 23 24 25 26 27 |
---------------+----------------------------------------------------------------------------------+-----
Maces & Flails | 4 5 7 8 10 11 12 13 15 16 17 18 19 20 21 22 27 | 27.0
Shields        | 1 2 3 5 6 7 8 9 10 11 12 13 18 | 18.4
Fighting       | 4 5 6 7 8 10 11 12 14 15 16 17 18 19 20 21 22 23 24 25 26 27 | 27.0
Dodging        | 2 3 4 5 6 7 8 9 10 11 12 13 14 19 | 19.2
Armour         | 2 3 4 5 6 7 8 9 10 12 14 16 19 | 19.0
Throwing       | 3 4 5 8 |  8.0
Evocations     | 2 4 5 14 | 14.7

Action                   |  1- 3 |  4- 6 |  7- 9 | 10-12 | 13-15 | 16-18 | 19-21 | 22-24 | 25-27 || total
-------------------------+-------+-------+-------+-------+-------+-------+-------+-------+-------++-------
Melee: Mace              |    73 |    79 |   195 |       |       |       |       |       |       ||   347
       Flail             |       |       |   281 |   548 |       |     2 |    10 |    35 |       ||   876
       Morningstar       |       |       |       |   122 |   860 |    52 |       |       |       ||  1034
       Constrict         |       |       |       |       |   166 |   229 |   236 |   218 |   589 ||  1438
       Eveningstar       |       |       |       |       |       |   906 |  1128 |  1146 |  3777 ||  6957
       Headbutt          |       |       |       |       |       |       |       |       |   295 ||   295
       Demon whip        |       |       |       |       |       |       |       |       |   120 ||   120
       Staff             |       |       |       |       |       |       |       |       |    21 ||    21
Throw: Throwing net      |     1 |       |       |       |     1 |       |       |       |       ||     2
       Stone             |     2 |    12 |   164 |   119 |   125 |       |       |       |       ||   422
       Javelin           |       |       |       |     6 |    21 |     4 |    30 |    24 |    86 ||   171
       Tomahawk          |       |       |       |       |    24 |   152 |     2 |       |       ||   178
Invok: Berserk           |     2 |     5 |    13 |    17 |    11 |     7 |     3 |       |     6 ||    64
       Burn Spellbooks   |       |       |     2 |     3 |     2 |     1 |       |       |     4 ||    12
       Trog's Hand       |       |       |     1 |       |     3 |     2 |       |     1 |     7 ||    14
       Brothers in Arms  |       |       |       |       |     6 |     2 |       |     1 |     6 ||    15
 Abil: Spit Poison       |    36 |    24 |    77 |   120 |   200 |   199 |   126 |   119 |   334 ||  1235
       Blink             |       |       |       |       |       |       |       |       |     1 ||     1
Evoke: Wand              |       |       |       |       |    17 |       |     5 |     6 |     1 ||    29
       Lightning rod     |       |       |       |       |       |       |       |       |     4 ||     4
  Use: Scroll            |     2 |     2 |     5 |    10 |    18 |    13 |     5 |    19 |    39 ||   113
       Potion            |       |       |       |       |       |     1 |     1 |     4 |    18 ||    24
 Stab: Petrified         |       |       |       |       |     1 |       |       |       |       ||     1
       Sleeping          |       |       |       |       |       |     1 |       |       |       ||     1
       Distracted        |       |       |       |       |       |       |       |       |     4 ||     4
       Invisible         |       |       |       |       |       |       |       |       |     2 ||     2
  Eat: Chunk             |     3 |     7 |    20 |    32 |    48 |    20 |    24 |    14 |    68 ||   236
       Royal jelly       |     1 |     1 |       |     4 |     5 |       |     3 |       |     3 ||    17
       Meat ration       |       |       |     1 |       |       |       |       |     1 |     5 ||     7
       Bread ration      |       |       |     2 |       |       |     7 |     1 |     4 |     1 ||    15
       Fruit             |       |       |       |     5 |     1 |    10 |       |     2 |     3 ||    21
Armor: Animal skin       |    20 |     9 |    36 |       |       |       |       |       |       ||    65
       Scale mail        |       |       |    45 |   156 |   216 |   152 |       |       |       ||   569
       Leather armour    |       |       |       |       |       |    45 |       |       |       ||    45
       Ring mail         |       |       |       |       |       |    35 |   172 |       |       ||   207
       Chain mail        |       |       |       |       |       |       |    44 |     1 |       ||    45
       Storm dragon scal |       |       |       |       |       |       |    20 |       |       ||    20
       Plate armour      |       |       |       |       |       |       |       |   249 |   779 ||  1028
       Gold dragon scale |       |       |       |       |       |       |       |       |   248 ||   248
Dodge: Dodged            |    40 |    30 |   153 |   135 |   175 |   158 |   209 |   143 |   965 ||  2008
Block: Buckler           |     8 |    13 |   186 |    22 |       |       |       |       |       ||   229
       Reflection        |       |       |     3 |     3 |   107 |   171 |    69 |    88 |   189 ||   630
       Shield            |       |       |       |   331 |   557 |    39 |       |       |       ||   927
       Large shield      |       |       |       |       |       |   839 |   820 |   837 |  3707 ||  6203
